 Dungeon Sprint DCSS version 0.21-a0-286-g6fcecc0 (webtiles) character file.

310 potatolord6000 the Fighter (level 6, 0/71 HPs)
             Began as an Ogre Fighter on Sept 27, 2017.
             Was an Initiate of Hepliaklqana.
             Slain by a white ugly thing (14 damage)
             ... in the Dungeon (Sprint IX: "|||||||||||||||||||||||||||||").
             The game lasted 00:01:56 (293 turns).

potatolord6000 the Fighter (Ogre Fighter)            Turns: 293, Time: 00:01:57

Health: 0/71       AC:  4    Str: 23    XL:     6   Next: 41%
Magic:  6/6        EV: 16    Int:  9    God:    Hepliaklqana [......]
Gold:   0          SH:  0    Dex:  8    Spells: 5/5 levels left

rFire    . . .     SeeInvis .   c - +0 giant spiked club
rCold    . . .     Gourm    .   (shield currently unavailable)
rNeg     . . .     Faith    .   b - +0 robe
rPois    .         Spirit   .   (helmet restricted)
rElec    .         Reflect  .   l - +0 cloak
rCorr    .         Harm     .   (gloves unavailable)
MR       .....     NoTele   +   (boots unavailable)
Stlth    +.........             (no amulet)
HPRegen  0.21/turn              a - +2 ring of evasion
MPRegen  0.10/turn              n - +2 ring of evasion

@: berserk cooldown, very slightly contaminated
A: unfitting armour, reduced essence, tough skin 1
a: Recall Ancestor, Ancestor Identity, Renounce Religion


You were in the Dungeon.
You worshipped Hepliaklqana.
Hepliaklqana was noncommittal.
You were not hungry.

You visited 1 branch

Inventory:

Hand Weapons
 c - a +0 giant spiked club (weapon)
Armour
 b - a +0 robe (worn)
 l - a +0 cloak (worn)
Jewellery
 a - a +2 ring of evasion (left hand)
 n - a +2 ring of evasion (right hand)
Scrolls
 g - 3 scrolls of remove curse
 h - 2 scrolls of amnesia
 k - 2 scrolls of blinking
Potions
 d - 2 potions of heal wounds
 e - 5 potions of curing
 i - 4 potions of magic
Comestibles
 f - a bread ration


   Skills:
 + Level 10.5 Fighting
 + Level 7.1 Maces & Flails
 + Level 7.4 Dodging
   Level 2.6 Shields


You had 5 spell levels left.
You didn't know any spells.

Dungeon Overview and Level Annotations

Branches:
Dungeon (1/1)

Altars:
Cheibriados
Dithmenos
Elyvilon
Fedhas
Gozag
Hepliaklqana
Kikubaaqudgha
Makhleb
Nemelex Xobeh
Okawaru
Qazlal
Ru
Sif Muna
Trog
Uskayaw
Vehumet
Wu Jian
Xom
Yredelemnul
Zin
The Shining One
Beogh
Jiyva
Lugonu


Innate Abilities, Weirdness & Mutations

You are too large for most types of armour.
You have tough skin. (AC +1)
Your life essence is reduced to manifest your ancestor. (-10% HP)


Message History

You bludgeon the white ugly thing!!
The white ugly thing is almost dead.
The white ugly thing closely misses you.
The white ugly thing tail-slaps you but does no damage.
Unknown command.
You completely miss the white ugly thing.
The white ugly thing is almost dead.
The white ugly thing barely misses you.
Unknown command.
You hit the white ugly thing.
The white ugly thing is almost dead.
The white ugly thing barely misses you.
Unknown command.
You hit the white ugly thing but do no damage.
The white ugly thing is almost dead.
The white ugly thing tail-slaps you. The white ugly thing freezes you!!
The white ugly thing tail-slaps you!
* * * LOW HITPOINT WARNING * * *
The white ugly thing freezes you!
You die...

▓.▓
▓Z▓
▓h▓
▓{▓
▓Y▓
▓Z▓
▓u▓
▓@▓
▓R▓
▓)▓
▓.▓
▓.▓
▓†▓
▓)▓
▓.▓
▓.▓


You could see the friendly Ingwe the ancestor, a white ugly thing, a sky beast,
a hound, a bat zombie and an adder skeleton.

Vanquished Creatures
  2 ogres (D)
  2 howler monkeys (D)
  A jelly (D)
  An adder (D)
  A gnoll (D)
  A shadow imp (D)
  A dart slug (D)
  An orc (D)
  2 hobgoblins (D)
  A jackal (D)
  A quokka (D)
  A ball python zombie (D)
  A frilled lizard (D)
16 creatures vanquished.

Notes
Turn   | Place    | Note
-------+----------+-------------------------------------------
     0 | D        | potatolord6000 the Ogre Fighter began the quest for the Orb.
     0 | D        | Reached XP level 1. HP: 24/24 MP: 1/1
    21 | D        | Reached skill level 5 in Fighting
    21 | D        | Reached XP level 2. HP: 24/35 MP: 2/2
   171 | D        | Noticed a howler monkey
   177 | D        | Reached XP level 3. HP: 41/44 MP: 3/3
   179 | D        | Reached skill level 6 in Fighting
   179 | D        | Reached XP level 4. HP: 50/53 MP: 4/4
   180 | D        | Reached skill level 7 in Fighting
   185 | D        | Found a roughly hewn altar of Beogh.
   185 | D        | Found a snail-covered altar of Cheibriados.
   185 | D        | Found a shadowy altar of Dithmenos.
   185 | D        | Found a white marble altar of Elyvilon.
   185 | D        | Found a blossoming altar of Fedhas.
   185 | D        | Found an opulent altar of Gozag.
   186 | D        | Found a hazy altar of Hepliaklqana.
   187 | D        | Found a viscous altar of Jiyva.
   188 | D        | Found an ancient bone altar of Kikubaaqudgha.
   189 | D        | Found a corrupted altar of Lugonu.
   190 | D        | Found a burning altar of Makhleb.
   191 | D        | Found a sparkling altar of Nemelex Xobeh.
   192 | D        | Found an iron altar of Okawaru.
   193 | D        | Found a stormy altar of Qazlal.
   194 | D        | Found a sacrificial altar of Ru.
   196 | D        | Became a worshipper of Hepliaklqana the Forgotten
   198 | D        | Found a deep blue altar of Sif Muna.
   199 | D        | Found a bloodstained altar of Trog.
   200 | D        | Found a hide-covered altar of Uskayaw.
   201 | D        | Found a radiant altar of Vehumet.
   202 | D        | Found an ornate altar of the Wu Jian Council.
   203 | D        | Found a shimmering altar of Xom.
   204 | D        | Found a basalt altar of Yredelemnul.
   205 | D        | Found a glowing silver altar of Zin.
   206 | D        | Found a glowing golden altar of the Shining One.
   246 | D        | Noticed an ogre
   246 | D        | Noticed an ogre
   252 | D        | Killed an ogre
   252 | D        | Reached skill level 8 in Fighting
   252 | D        | Reached skill level 5 in Maces & Flails
   252 | D        | Reached XP level 5. HP: 59/59 MP: 5/5
   254 | D        | Reached skill level 9 in Fighting
   267 | D        | Reached XP level 6. HP: 58/70 MP: 6/6
   269 | D        | Reached skill level 10 in Fighting
   283 | D        | Noticed a vampire
   283 | D        | Noticed a sky beast
   283 | D        | Noticed a green ugly thing
   293 | D        | Slain by a white ugly thing

Vault maps used:
D:        linesprint

Skill      XL: |  1  2  3  4  5  6 |
---------------+-------------------+-----
Fighting       | 5 6 8 9 10 | 10.5
Maces & Flails | 2 3 4 5 6 7 |  7.1
Dodging        | 3 4 6 7 |  7.4
Shields        | |  2.6

Action                   |  1- 3 |  4- 6 || total
-------------------------+-------+-------++-------
Melee: Flail             |    25 |     1 ||    26
       Morningstar       |       |    22 ||    22
       Giant spiked club |       |    10 ||    10
  Use: Potion            |     3 |     2 ||     5
 Stab: Invisible         |       |     2 ||     2
Armor: Robe              |     4 |    10 ||    14
Dodge: Dodged            |    11 |    26 ||    37

Table legend:
 A = Spawn XP
 B = Non-spawn XP
 C = Spawn XP percentage of total XP
 D = Spawn monster count
 E = Non-spawn monster count
 F = Spawn count percentage of total count
 G = Total turns spent on level
                    A         B        C        D         E        F      G
               +---------+---------+-------+---------+---------+-------+---------
         Total |       0 |     444 |   0.0 |       0 |      16 |   0.0 |   293
               +---------+---------+-------+---------+---------+-------+---------
             D |       0 |     444 |   0.0 |       0 |      16 |   0.0 |   293
               +---------+---------+-------+---------+---------+-------+---------
